 Dungeon Crawl Stone Soup version 0.27-a0-1136-g0b992a5a9d (webtiles) character file.

Game seed: 17292956571490408163

37 voltaire321 the Stinger (level 3, -1/23 HPs)
             Began as an Octopode Wanderer on May 4, 2021.
             Slain by a gnoll
             ... wielding a +0 spear
              (9 damage)
             ... on level 2 of the Dungeon.
             The game lasted 00:07:16 (1618 turns).

voltaire321 the Stinger (Octopode Wanderer)         Turns: 1618, Time: 00:07:17

Health: -1/23      AC:  1    Str: 13    XL:     3   Next: 41%
Magic:  5/6        EV: 12    Int: 14    God:
Gold:   58         SH:  3    Dex: 10    Spells: 5/6 levels left

rFire    . . .     SeeInvis .   b - +0 short sword
rCold    . . .     Faith    .   c - +0 buckler
rNeg     . . .     Spirit   .   (helmet restricted)
rPois    .         Reflect  .   (no amulet)
rElec    .         Harm     .   (no ring)
rCorr    .         Rampage  .   (no ring)
Will     .....                  (no ring)
Stlth    +++.......             (no ring)
HPRegen  0.07/turn              (no ring)
MPRegen  0.10/turn              (no ring)
                                (no ring)
                                (no ring)

@: very slightly contaminated
A: almost no armour, amphibious, 8 rings, camouflage 1, gelatinous body 1,
(nimble swimmer 1), tentacles
a: no special abilities


You were on level 2 of the Dungeon.
You visited 1 branch of the dungeon, and saw 2 of its levels.

You collected 58 gold pieces.

Inventory:

Hand Weapons
 b - a +0 short sword (weapon)
Missiles
 a - 13 poisoned darts (quivered)
Armour
 c - a +0 buckler (worn)
Scrolls
 d - a scroll of identify {unknown}


   Skills:
 + Level 1.4 Fighting
 + Level 2.1 Short Blades
 + Level 0.8 Dodging
 + Level 1.7 Stealth
 + Level 1.4 Shields
 + Level 2.2 Spellcasting
 + Level 3.9 Poison Magic
 - Level 1.1 Evocations


You had 5 spell levels left.
You knew the following spells:

 Your Spells              Type           Power      Damage    Failure   Level
a - Sting                 Tmut/Pois      28%        1d4       14%         1

Your spell library contained the following spells:

 Spells                   Type           Power      Damage    Failure   Level
 Poisonous Vapours        Pois/Air       14%        N/A       22%         2
 Summon Small Mammal      Summ           4%         N/A       32%         1
 Ignite Poison            Fire/Tmut/Pois 5%         N/A       50%         3
 Mephitic Cloud           Conj/Pois/Air  5%         N/A       50%         3
 Olgreb's Toxic Radiance  Pois           12%        N/A       52%         4
 Summon Guardian Golem    Hex/Summ       1%         N/A       67%         3


Dungeon Overview and Level Annotations

Branches:
Dungeon (1/15)

Altars:


Innate Abilities, Weirdness & Mutations

You cannot wear most types of armour.
You are amphibious.
You can wear up to eight rings at the same time.
Your skin changes colour to match your surroundings (Stealth+).
Your rubbery body absorbs attacks. (AC +1, EV +1)
((You are camouflaged near water. (Stealth+)))
You have tentacles for arms and can constrict up to eight enemies at once.


Message History

The gnoll hits you with a +1 flail of protection.
A gnoll comes into view. It is wielding a +0 spear.
You hit the gnoll but do no damage.
The gnoll is lightly wounded.
You constrict the gnoll, but do no damage.
The gnoll closely misses you.
The gnoll hits you with a +1 flail of protection.
* * * LOW HITPOINT WARNING * * *
You release your grip on the gnoll.
Casting: Sting (safe; 14% risk of failure)
Confirm with . or Enter, or press ? or * to list all spells.
You can't see any susceptible monsters within range! (Use Z to cast anyway.) Unknown command.
Casting: Sting (safe; 14% risk of failure)
Confirm with . or Enter, or press ? or * to list all spells.
You can't see any susceptible monsters within range! (Use Z to cast anyway.) Unknown command.
Throw: 14 darts (poison)
Press: ? - help, Q - select action, (/) - cycle Shift-Dir - straight line, f - gnoll
Aim: a gnoll, wielding a +0 spear (58% to hit)
You throw a poisoned dart. The poisoned dart hits the gnoll.
Casting: Sting (safe; 14% risk of failure)
Confirm with . or Enter, or press ? or * to list all spells.
Aiming: Sting (safe; 14% risk of failure)
Press: ? - help, Shift-Dir - straight line, f/p - gnoll
Aim: a gnoll, wielding a +0 spear (72% to hit)
The sting hits the gnoll.
The gnoll is poisoned.
The gnoll is lightly wounded.
The gnoll hits you from afar with a +0 spear.
The gnoll looks more healthy.
Casting: Sting (safe; 14% risk of failure)
Confirm with . or Enter, or press ? or * to list all spells.
Aiming: Sting (safe; 14% risk of failure)
Press: ? - help, Shift-Dir - straight line, f/p - gnoll
Aim: a gnoll, wielding a +0 spear (heavily wounded, 72% to hit)
You miscast Sting.
You are very lightly contaminated with residual magic.
Nothing appears to happen.
The gnoll hits you from afar with a +0 spear!
You die...

#.......## ##.....##
#.#####.# ##...## #.#
#...# ##'## #.# #.#.# #.#
#.###.#.# #.##
#.......##########..######
#####.####.g..g.÷.........
#.# #.#.###.....##### #.#
#@#.# ##...##
#.####.#.#####g..#
#..............#.#
######.#.#####...#
#.#÷#####g### #.#.......#
#.........# #########.#
#.#


You could see a gnoll.

Vanquished Creatures
  An adder (D:2)
  3 endoplasms (D:1)
  3 giant cockroaches (D:1)
  3 goblins (D:1)
  3 hobgoblins (D:1)
  2 kobolds (D:1)
  A quokka (D:1)
  3 ball pythons (D:1)
  2 bats (D:1)
  2 frilled lizards (D:1)
  4 rats
27 creatures vanquished.

Notes
Turn   | Place    | Note
-------+----------+-------------------------------------------
     0 | D:1      | voltaire321 the Octopode Wanderer began the quest for the
                  | Orb.
     0 | D:1      | voltaire321 set off with the following items: a +0 club, a
                  | +0 buckler; and the following spells available to memorise:
                  | Sting, Poisonous Vapours, Summon Small Mammal, Ignite
                  | Poison, Mephitic Cloud, Olgreb's Toxic Radiance, Summon
                  | Guardian Golem
     0 | D:1      | Reached XP level 1. HP: 13/13 MP: 3/3
     2 | D:1      | Learned a level 1 spell: Sting
   317 | D:1      | Reached skill level 1 in Stealth
   317 | D:1      | Reached XP level 2. HP: 18/18 MP: 0/5
  1051 | D:1      | Reached XP level 3. HP: 23/23 MP: 6/6
  1187 | D:1      | You fall into a shaft and drop 1 floor!
  1618 | D:2      | Slain by a gnoll

Illustrated notes

Levels and vault maps discovered:
D:1:      heliophobic_arrival_henge, layout_basic, minmay_indecisive_spiral
D:2:      layout_loops_corners, basic_altar, st_stairs_3

Skill      XL: |  1 |
---------------+----+-----
Stealth        | 1 |  1.7
Fighting       | |  1.4
Short Blades   | |  2.1
Dodging        | |  0.8
Shields        | |  1.4
Spellcasting   | |  2.2
Poison Magic   | |  3.9
Evocations     | |  1.1

Action                   || total
-------------------------++-------
Melee: Club              ||    27
       Tentacles         ||     9
       Constrict         ||    12
       Short sword       ||    36
Throw: Dart              ||     1
 Cast: Sting             ||     7
 Stab: Sleeping          ||     6
Armor: Skin              ||     2
Dodge: Dodged            ||    27
Block: Buckler           ||     7

Table legend: (Time is in decaauts)
 A = Elapsed time spent in this place.
 B = Non-inter-level travel time spent in this place.
 C = Inter-level travel time spent in this place.
 D = Time resting spent in this place.
 E = Time spent auto-exploring this place.
 F = Levels seen in this place.
 G = Mean time per level.
                   A        B        C        D        E       F      G
               +--------+--------+--------+--------+--------+-----+--------+
         Total |   1629 |   1629 |      0 |    945 |    357 |   2 |  814.5 |
       Dungeon |   1629 |   1629 |      0 |    945 |    357 |   2 |  814.5 |
               +--------+--------+--------+--------+--------+-----+--------+

Top non-repeatable levels by time:
     D:1: 1197 daAuts
     D:2: 431 daAuts
